Map: [ESL] Amphion

Players

Clem - Winner!

  • Race: Terran Terran
  • Spawn Location: 11:00

Reynor

  • Race: Zerg Zerg
  • Spawn Location: 7:00

Event: ESL SC2 Masters 2024 Spring (Regional)

VOD

Have the link to the VOD?

Description

Time

  • Played on: May 4, 2024, 10:51 a.m.
  • Length: 6:24

All games in this series

Show
View Real Time Build Order
Export as new Build Order

Clem Terran - Winner!

Build Orders: Reaper Expand, Banshee Rush 

Get SALT Encoding   

  12  0:00  SCV  
  13  0:12  SCV  
  14  0:17  Supply Depot  
  14  0:24  SCV  
  15  0:39  SCV  
  15  0:41  Barracks  
  16  0:44  Refinery  
  16  0:51  SCV  
  17  1:03  SCV  
  18  1:15  SCV  
  19  1:27  Orbital Command, Reaper  
  20  1:42  Command Center  
  20  1:49  Supply Depot  
  20  1:54  SCV  
  20  1:59  Marine  
  22  2:07  SCV  
  23  2:13  Factory  
  23  2:19  SCV  
  23  2:21  Barracks Reactor  
  24  2:31  SCV  
  25  2:43  SCV  
  26  2:48  Command Center  
  26  2:55  SCV, Orbital Command  
  27  3:06  Starport  
  27  3:07  SCV  
  27  3:11  Refinery  
  28  3:15  Hellion  
  28  3:19  SCV  
  31  3:21  SCV  
  31  3:24  Hellion  
  34  3:28  Barracks Tech Lab  
  34  3:31  SCV  
  34  3:33  SCV  
  36  3:37  Hellion  
  38  3:43  SCV  
  38  3:45  SCV  
  38  3:46  Hellion  
  42  3:51  Banshee  
  45  3:55  SCV  
  45  3:58  Cloaking Field  
  45  4:00  Orbital Command  
  45  4:02  SCV  
  47  4:07  Barracks Tech Lab  
  47  4:08  SCV, Supply Depot  
  48  4:14  SCV  
  49  4:20  SCV  
  50  4:26  SCV  
  50  4:27  SCV  
  47  4:31  Marine  
  47  4:32  SCV  
  47  4:34  Barracks x2  
  47  4:38  Factory Reactor  
  49  4:41  Banshee  
  49  4:42  SCV  
  49  4:43  SCV  
  49  4:44  Refinery  
  49  4:45  Refinery  
  54  4:48  SCV  
  54  4:49  Marine  
  56  4:54  SCV, Bunker  
  56  4:55  SCV  
  56  5:00  SCV  
  56  5:02  Supply Depot  
  56  5:06  SCV  
  56  5:07  SCV, Marine  
  56  5:12  SCV  
  56  5:14  Supply Depot  
  59  5:18  SCV, Engineering Bay  
  59  5:19  SCV, Engineering Bay  
  61  5:22  Marine  
  61  5:23  Marine  
  61  5:25  Supply Depot, Marine  
  61  5:26  SCV  
  65  5:31  Siege Tank  
  65  5:32  Starport Reactor, Marine  
  65  5:35  Marine  
  70  5:37  SCV  
  70  5:38  SCV  
  70  5:42  Supply Depot, Marine x2  
  74  5:48  Orbital Command  
  74  5:49  SCV, Supply Depot  
  76  5:50  SCV, Supply Depot  
  76  5:56  Marine x2  
  79  5:59  Marine  
  79  6:02  Marine  
  80  6:04  Marine  
  80  6:05  Barracks x2  
Show
View Real Time Build Order
Export as new Build Order

Reynor Zerg 

Build Orders: Hatch First 

Get SALT Encoding   

  12  0:00  Drone  
  13  0:12  Overlord  
  13  0:17  Drone  
  14  0:31  Drone x2  
  16  0:49  Hatchery  
  15  0:51  Drone  
  15  0:55  Drone  
  17  0:59  Drone  
  18  1:09  Extractor  
  17  1:15  Spawning Pool  
  17  1:18  Drone  
  17  1:21  Drone  
  18  1:28  Drone  
  19  1:38  Drone  
  20  1:50  Overlord  
  20  2:02  Zergling x2, Queen x2  
  20  2:03  Zergling x2  
  26  2:12  Drone x2  
  28  2:27  Drone  
  28  2:31  Hatchery  
  28  2:33  Drone  
  28  2:41  Queen  
  30  2:45  Drone  
  30  2:48  Drone x2  
  33  2:53  Overlord  
  33  2:57  Drone  
  34  3:05  Roach Warren  
  33  3:06  Drone  
  33  3:09  Drone  
  35  3:13  Metabolic Boost  
  35  3:16  Drone  
  36  3:22  Overlord  
  36  3:33  Drone x2  
  38  3:34  Drone  
  38  3:35  Drone  
  38  3:36  Extractor  
  38  3:39  Overlord  
  39  3:43  Queen  
  39  3:46  Roach  
  43  3:56  Drone x2  
  43  3:59  Overlord  
  43  4:00  Roach  
  47  4:04  Overlord  
  47  4:07  Roach  
  49  4:10  Roach  
  49  4:11  Overlord  
  51  4:18  Drone x3  
  49  4:27  Roach x2  
  49  4:30  Ravager x2  
  54  4:32  Drone  
  55  4:42  Zergling x2  
  55  4:44  Zergling x8  
  57  4:51  Ravager  
  57  4:52  Zergling x2  
  57  4:54  Zergling x2  
  58  5:00  Zergling x4  
  58  5:08  Zergling x4  
  58  5:11  Zergling x2  
  61  5:16  Ravager  
  61  5:19  Zergling x6  
  65  5:24  Zergling x2  
  65  5:27  Spore Crawler  
  65  5:28  Spore Crawler  
  65  5:30  Zergling x2  
  65  5:37  Ravager  
  65  5:40  Zergling x6  
  69  5:45  Zergling x2  
  69  5:46  Zergling x2  
  71  5:52  Zergling x4  
  73  6:03  Zergling x10  
Tags
 
Add a new tag
Caveats
  • Supply blocks, unpowered buildings, or Contaminate may cause inaccurate times.
  • Supply counts are checked every 10 seconds.